 Dungeon Crawl Stone Soup version 0.25.1-8-g42b30a86e7 (webtiles) character file.

Game seed: 16934133256057066853

63 ruildragonbane the Chopper (level 3, -4/30 HPs)
             Began as a Minotaur Gladiator on Dec 1, 2020.
             Slain by a gnoll
             ... wielding a +0 club
              (6 damage)
             ... on level 2 of the Dungeon.
             The game lasted 00:06:23 (1019 turns).

ruildragonbane the Chopper (Minotaur Gladiator)     Turns: 1019, Time: 00:06:24

Health: -4/30      AC:  4    Str: 19    XL:     3   Next: 87%
Magic:  2/2        EV: 12    Int:  5    God:
Gold:   42         SH:  3    Dex: 11    Spells: 2/2 levels left

rFire    . . .     SeeInvis .   a - +0 war axe
rCold    . . .     Gourm    .   k - +0 buckler
rNeg     . . .     Faith    .   b - +0 leather armour
rPois    .         Spirit   .   c - +0 hat
rElec    .         Reflect  .   (no cloak)
rCorr    .         Harm     .   (no gloves)
MR       .....                  l - +0 pair of boots
Stlth    +.........             (no amulet)
HPRegen  0.10/turn              (no ring)
MPRegen  0.08/turn              (no ring)

@: no status effects
A: retaliatory headbutt, horns 2
a: no special abilities


You were on level 2 of the Dungeon.
You were not hungry.

You visited 1 branch of the dungeon, and saw 2 of its levels.

You collected 42 gold pieces.

Inventory:

Hand Weapons
 a - a +0 war axe (weapon)
 e - a +0 whip
 q - a +0 hunting sling
Missiles
 d - 3 throwing nets (quivered)
 g - 62 arrows
 r - 32 stones
Armour
 b - a +0 leather armour (worn)
 c - a +0 hat (worn)
 k - a +0 buckler (worn)
 l - a +0 pair of boots (worn)
Scrolls
 h - 2 scrolls of remove curse {unknown}
 i - a scroll of enchant weapon {unknown}
 j - a scroll of random uselessness {unknown}
 m - a scroll of immolation {unknown}
 n - 2 scrolls of identify {unknown}
 o - a scroll of amnesia {unknown}
Potions
 p - a potion of stabbing {unknown}
Comestibles
 f - 3 rations


   Skills:
 + Level 2.5 Fighting
 + Level 5.1 Axes
 + Level 2.3 Throwing
 + Level 0.6 Armour
 + Level 3.7 Dodging


You had 2 spell levels left.
You didn't know any spells.
Your spell library was empty.

Dungeon Overview and Level Annotations

Branches:
Dungeon (2/15)

Altars:


Innate Abilities, Weirdness & Mutations

You reflexively headbutt those who attack you in melee.
You have a pair of horns on your head.


Message History

Your Axes skill increases to level 5!
The gnoll barely misses you.
You barely miss the gnoll. The gnoll barely misses you. x2
You furiously retaliate!
You headbutt the gnoll.
The gnoll hits you from afar with a +4 vampiric spear!
* * * LOW HITPOINT WARNING * * *
You closely miss the gnoll. Your headbutt misses the gnoll.
The gnoll is lightly wounded.
The gnoll barely misses you. You furiously retaliate!
You headbutt the gnoll!
The gnoll hits you from afar with a +4 vampiric spear.
* * * LOW HITPOINT WARNING * * *
The gnoll hits you but does no damage.
A frilled lizard comes into view.
The frilled lizard hisses angrily.
You block the gnoll's attack.
The frilled lizard unfolds its giant frill.
You barely miss the gnoll.
The gnoll is severely wounded.
The gnoll hits you with a +0 club.
You die...

#.#.......
#.##.####.
#.##.# #.##.#
#####.##.#
#...†....#
##>###.####
######...##)#
#gg@.l........
#.####...##..#
#.# ###.#.#..#
#g##.....#.....
#g#.....#.#..##
#)#..######..#
#.(....... .#
##.....###
#.###.#


You could see a gnoll, a hobgoblin and a frilled lizard.

Vanquished Creatures
  2 gnolls (D:2)
  An adder (D:2)
  2 worms (D:2)
  2 dart slugs
  A ball python (D:1)
  A giant cockroach (D:1)
  3 hobgoblins
  5 jackals (D:2)
  3 bats
  2 frilled lizards (D:1)
  3 kobolds (D:1)
  2 rats (D:1)
27 creatures vanquished.

Notes
Turn   | Place    | Note
-------+----------+-------------------------------------------
     0 | D:1      | ruildragonbane the Minotaur Gladiator began the quest for
                  | the Orb.
     0 | D:1      | Reached XP level 1. HP: 18/18 MP: 0/0
   120 | D:1      | Reached skill level 4 in Axes
   290 | D:1      | Reached XP level 2. HP: 25/25 MP: 1/1
   918 | D:2      | Reached XP level 3. HP: 30/30 MP: 2/2
  1009 | D:2      | Reached skill level 5 in Axes
  1011 | D:2      | HP: 1/30 [gnoll/+4 vampiric spear (5)]
  1019 | D:2      | Slain by a gnoll

Illustrated notes

Levels and vault maps discovered:
D:1:      heliophobic_arrival_ceremonial_halls, layout_loops_ring, minivault_5
D:2:      layout_loops_ring

Skill      XL: |  1  2  3 |
---------------+----------+-----
Axes           | 4 5 |  5.1
Fighting       | |  2.5
Throwing       | |  2.3
Armour         | |  0.6
Dodging        | |  3.7

Action                   || total
-------------------------++-------
Melee: War axe           ||    60
       Headbutt          ||     8
Armor: Leather armour    ||    13
Dodge: Dodged            ||    36
Block: Buckler           ||     8
